 Dungeon Crawl Stone Soup version 0.21.1-1-g345015fe64 (webtiles) character file.

145 Kenneth2444 the Skirmisher (level 5, -1/72 HPs)
             Began as a Minotaur Berserker on July 22, 2018.
             Was a Believer of Trog.
             Slain by tim133133's ghost (9 damage)
             ... on level 3 of the Dungeon.
             The game lasted 00:29:39 (1726 turns).

Kenneth2444 the Skirmisher (Minotaur Berserker)     Turns: 1726, Time: 00:29:39

Health: -1/72      AC: 22    Str: 23    XL:     5   Next: 6%
Magic:  4/4        EV:  2    Int:  4    God:    Trog [**....]
Gold:   150        SH:  0    Dex:  9    Spells: 4/4 levels left

rFire    . . .     SeeInvis +   g - +2 short sword (venom)
rCold    . . .     Gourm    .   (no shield)
rNeg     + + +     Faith    .   (armour currently unavailable)
rPois    +         Spirit   .   (helmet currently unavailable)
rElec    .         Reflect  .   (cloak currently unavailable)
rCorr    .         Harm     .   (gloves currently unavailable)
MR       .....     NoTele   +   (boots currently unavailable)
Stlth    +.........             (no amulet)
HPRegen  0.22/turn              i - ring of see invisible
MPRegen  0.09/turn              (no ring)

@: tree-form
A: (retaliatory headbutt)
a: Berserk, Trog's Hand, Burn Spellbooks, Renounce Religion


You were on level 3 of the Dungeon.
You worshipped Trog.
Trog was pleased with you.
You were not hungry.
You were a tree.
You visited 1 branch of the dungeon, and saw 3 of its levels.

You collected 150 gold pieces.

Inventory:

Hand Weapons
 a - a +0 hand axe
 d - a +0 club
 g - a +2 short sword of venom (weapon)
 n - a +0 spear
Armour
 b - a +0 animal skin
 e - a +0 robe
 l - a +0 ring mail
 o - a +1 leather armour
 q - a +0 chain mail (melded)
 x - a +0 pair of boots (melded)
 y - a +0 leather armour
Jewellery
 i - a ring of see invisible (left branch)
 j - an uncursed ring of ice
Wands
 p - a wand of paralysis (13)
Scrolls
 h - 2 scrolls of identify
 m - 3 scrolls of remove curse
 r - a scroll of immolation {unknown}
 s - a scroll of noise {unknown}
Potions
 f - a potion of might {unknown}
 k - a potion of lignification
 u - a potion of curing {unknown}
 w - a potion of mutation {unknown}
Books
 t - a book of Changes

   Spells                             Type                      Level
   a - Beastly Appendage              Transmutation                1
   b - Sticks to Snakes               Transmutation                2
   c - Spider Form                    Transmutation/Poison         3
   d - Ice Form                       Ice/Transmutation            4
   e - Blade Hands                    Transmutation                5
   Trog disapproves of the use of such an item.
 v - a book of Maledictions

   Spells                             Type                      Level
   a - Corona                         Hexes                        1
   b - Ensorcelled Hibernation        Hexes/Ice                    2
   c - Confuse                        Hexes                        3
   d - Tukima's Dance                 Hexes                        3
   e - Dazzling Spray                 Conjuration/Hexes            3
   Trog disapproves of the use of such an item.
Comestibles
 c - 10 rations


   Skills:
 + Level 5.0 Fighting
 + Level 0.2 Short Blades
 + Level 4.9 Axes
 + Level 3.6 Armour
 + Level 2.7 Dodging


You had 4 spell levels left.
You didn't know any spells.

Dungeon Overview and Level Annotations

Branches:
Dungeon (3/15)

Altars:

Annotations:
D:3 tim133133's ghost, amateur HOFi


Innate Abilities, Weirdness & Mutations

((You reflexively headbutt those who attack you in melee.))
((You have a pair of horns on your head.))


Message History

You cannot move.
Unknown command.
None of your equipped items are cursed.
You cannot move.
You puncture tim133133's ghost!
Tim133133's ghost is heavily damaged.
The jackal bites you but does no damage.
Tim133133's ghost hits you!
* * * LOW HITPOINT WARNING * * *
The jackal bites you but does no damage.
You hit tim133133's ghost.
Tim133133's ghost is severely damaged.
The jackal bites you but does no damage.
Tim133133's ghost hits you but does no damage.
You cannot move.
You hit tim133133's ghost.
Tim133133's ghost is severely damaged.
The jackal bites you but does no damage.
Tim133133's ghost hits you!
You die...

###........##
#........)#
#####.........#
#.............###
#.####.......†..###.
#.# ##.####........
#.# #.####.##...##
##.#####h.....####.#
#.......†♣.......#.#
#...#...W...........
#...#†##########.#.#
#...#........ .# .
#...#..#####. #
#...#..# #...#...
######.## ..


You could see tim133133's ghost and a jackal.

Vanquished Creatures
  A bullfrog (D:2)
  A gnoll (D:1)
  A worm (D:2)
  2 dart slugs
  A leopard gecko (D:1)
  4 orcs (D:3)
  A ball python (D:2)
  3 bats (D:1)
  8 goblins
  7 hobgoblins
  9 jackals
  6 kobolds
  A quokka (D:2)
  2 frilled lizards (D:2)
  5 rats
52 creatures vanquished.

Notes
Turn   | Place    | Note
-------+----------+-------------------------------------------
     0 | D:1      | Kenneth2444 the Minotaur Berserker began the quest for the Orb.
     0 | D:1      | Reached XP level 1. HP: 19/19 MP: 0/0
   266 | D:1      | Reached skill level 4 in Fighting
   266 | D:1      | Reached XP level 2. HP: 27/27 MP: 1/1
   643 | D:1      | Reached XP level 3. HP: 26/34 MP: 2/2
  1184 | D:2      | Noticed a bullfrog
  1196 | D:2      | Killed a bullfrog
  1196 | D:2      | Reached XP level 4. HP: 17/41 MP: 3/3
  1248 | D:2      | Reached ** piety under Trog
  1593 | D:3      | Reached XP level 5. HP: 38/47 MP: 4/4
  1700 | D:3      | Noticed tim133133's ghost (amateur HOFi)
  1718 | D:3      | Reached skill level 5 in Fighting
  1726 | D:3      | Slain by tim133133's ghost

Skill      XL: |  1  2  3  4  5 |
---------------+----------------+-----
Axes           | 4 |  4.9
Fighting       | 4 5 |  5.0
Armour         | 3 |  3.6
Short Blades   | |  0.2
Dodging        | |  2.7

Action                   |  1- 3 |  4- 6 || total
-------------------------+-------+-------++-------
Melee: Hand axe          |    45 |       ||    45
       Headbutt          |    10 |     9 ||    19
       Short sword       |    14 |    53 ||    67
  Use: Potion            |     2 |     2 ||     4
       Scroll            |     4 |     1 ||     5
 Stab: Sleeping          |     1 |       ||     1
  Eat: Ration            |     1 |       ||     1
Armor: Animal skin       |     7 |       ||     7
       Ring mail         |     9 |     6 ||    15
       Chain mail        |       |    15 ||    15
       Skin              |       |    29 ||    29
Dodge: Dodged            |    27 |    17 ||    44
